 Dungeon Crawl Stone Soup version 0.29.1-12-g30fa7ad0bf (webtiles) character file.

Game seed: 1503745534881377601

298 Descartes the Shield-Bearer (level 6, -4/48 HPs)
             Began as a Formicid Fighter on Dec 19, 2022.
             Slain by Pikel
             ... wielding a +2 whip of electrocution
              (20 damage)
             ... on level 5 of the Dungeon.
             The game lasted 00:04:50 (2853 turns).

Descartes the Shield-Bearer (Formicid Fighter)      Turns: 2853, Time: 00:04:50

Health: -4/48      AC: 13    Str: 21    XL:     6   Next: 63%
Magic:  6/6        EV:  6    Int:  9    God:
Gold:   210        SH:  5    Dex: 13    Spells: 5/5 levels left

rFire   . . .      SeeInvis +   a - +0 war axe
rCold   . . .      Faith    .   c - +0 buckler
rNeg    . . .      Spirit   .   q - +0 plate armour
rPois   .          Reflect  .   (helmet unavailable)
rElec   .          Harm     .   t - +1 cloak
rCorr   .          Rampage  .   (no gloves)
Will    .....                   (no boots)
Stlth   ..........              (no amulet)
HPRegen 0.16/turn               (no ring)
MPRegen 0.10/turn               (no ring)

@: no status effects
A: permanent stasis, dig shafts and tunnels, antennae 3, four strong arms
a: Dig, Shaft Self


You were on level 5 of the Dungeon.
You visited 1 branch of the dungeon, and saw 5 of its levels.

You collected 210 gold pieces.

Inventory:

Hand Weapons
 a - a +0 war axe (weapon)
Missiles
 u - 3 poisoned darts
 v - 24 stones
Armour
 c - a +0 buckler (worn)
 q - a +0 plate armour (worn)
 t - a +1 cloak (worn)
Jewellery
 w - a ring of resist corrosion
Wands
 m - a wand of quicksilver (7)
Scrolls
 e - 5 scrolls of identify {unknown}
 g - 3 scrolls of enchant armour {unknown}
 i - a scroll of enchant weapon {unknown}
 j - a scroll of silence {unknown}
 l - 2 scrolls of blinking {unknown}
 o - a scroll of brand weapon {unknown}
 p - a scroll of magic mapping {unknown}
 s - a scroll of fear {unknown}
Potions
 b - a potion of flight {unknown}
 d - 2 potions of might
 f - a potion of attraction {unknown}
 h - a potion of curing {unknown}
 k - 2 potions of brilliance {unknown}
 n - a potion of lignification {unknown}
 r - a potion of resistance {unknown}


   Skills:
 + Level 3.9 Fighting
 + Level 2.9(3.4) Axes
 + Level 1.7(2.5) Maces & Flails
 + Level 2.0(2.7) Polearms
 + Level 3.9 Armour
 + Level 5.0 Shields
 + Level 2.0 Translocations
 + Level 2.0 Evocations


You had 5 spell levels left.
You didn't know any spells.
Your spell library contained the following spells:

 Spells                   Type           Power      Damage    Failure   Level
 Ozocubu's Armour         Ice            0%         N/A       100%        3
 Ozocubu's Refrigeration  Ice            0%         4d7       100%        7


Dungeon Overview and Level Annotations

Branches:
Dungeon (5/15)
 Temple: D:4-7

Altars:

Annotations:
D:4 1 runed translucent door, michalxdhe's ghost, amateur GrFi
D:5 Pikel


Innate Abilities, Weirdness & Mutations

You cannot be hasted, slowed, berserked, paralysed or teleported.
You can dig through walls and to a lower floor.
You have a pair of large antennae on your head. (SInv)
Your four strong arms can wield two-handed weapons with a shield.


Message History

You slash Pikel!
Pikel is moderately wounded.
You block Pikel's attack.
You hit Pikel but do no damage.
Pikel is moderately wounded.
Pikel zaps a wand.
You resist with some effort.
You barely miss Pikel.
Pikel is moderately wounded.
You block Pikel's attack. Pikel closely misses you.
You closely miss Pikel.
Pikel is moderately wounded.
Pikel hits you with a +2 whip of electrocution.
You hit Pikel.
Pikel is heavily wounded.
Pikel hits you with a +2 whip of electrocution.
Pikel barely misses you.
You hit Pikel.
Pikel is heavily wounded.
You block Pikel's attack.
You hit Pikel.
Pikel is heavily wounded.
Pikel zaps a wand.
You resist with some effort.
The now-empty wand crumbles to dust.
You hit Pikel.
Pikel is severely wounded.
Pikel hits you with a +2 whip of electrocution. x2
You barely miss Pikel.
Pikel is severely wounded.
Pikel hits you but does no damage.
You hit Pikel but do no damage.
Pikel is severely wounded.
Pikel closely misses you.
You hit Pikel.
Pikel is severely wounded.
You block Pikel's attack. Pikel hits you but does no damage.
You are electrocuted!!
You hit Pikel.
Pikel is severely wounded.
Pikel hits you but does no damage.
You are electrocuted!!
You die...

. .. ... ...
### #.. ##..##
#...#....##
#....@....#
#....K.....#
#...........#
#............
#.............
#<............
##............
#............


You could see Pikel.

Vanquished Creatures
  A lemure (D:3)
  A hound (D:4)
  A jelly (D:4)
  Jessica (D:3)
  2 iguanas (D:4)
  Robin (D:2)
  4 adders (D:3)
  A white imp (D:4)
  An ufetubus (D:4)
  A worm (D:2)
  2 dart slugs
  4 orcs
  8 ball pythons
  8 endoplasms
  A giant cockroach (D:2)
  19 goblins
  7 hobgoblins
  3 jackals (D:1)
  5 kobolds
  5 quokkas
  5 bats
  3 frilled lizards
  5 rats
89 creatures vanquished.

Vanquished Creatures (others)
  14 fungi (D:1)
14 creatures vanquished.

Grand Total: 103 creatures vanquished

Notes
Turn   | Place    | Note
-------+----------+-------------------------------------------
     0 | D:1      | Descartes the Formicid Fighter began the quest for the Orb.
     0 | D:1      | Reached XP level 1. HP: 18/18 MP: 1/1
   149 | D:1      | Reached XP level 2. HP: 20/24 MP: 2/2
   371 | D:1      | Reached XP level 3. HP: 29/29 MP: 3/3
   475 | D:1      | Reached skill level 1 in Evocations
   551 | D:1      | Found a faded altar of an unknown god.
   856 | D:2      | Reached skill level 1 in Polearms
  1014 | D:2      | Identified the +3 leather armour "Kidujuen" {rPois}
  1073 | D:2      | Noticed Robin
  1081 | D:2      | Reached XP level 4. HP: 19/35 MP: 4/4
  1091 | D:2      | Reached skill level 1 in Translocations
  1096 | D:2      | Killed Robin
  1860 | D:3      | Reached skill level 1 in Maces & Flails
  1896 | D:3      | Reached XP level 5. HP: 39/41 MP: 5/5
  2117 | D:3      | Noticed Jessica
  2127 | D:3      | Killed Jessica
  2342 | D:4      | Reached XP level 6. HP: 36/48 MP: 6/6
  2432 | D:4      | Noticed Pikel
  2650 | D:4      | Found a runed translucent door.
  2651 | D:4      | Noticed michalxdhe's ghost (amateur GrFi)
  2811 | D:4      | Reached skill level 5 in Shields
  2837 | D:5      | Entered Level 5 of the Dungeon
  2853 | D:5      | Slain by Pikel

Illustrated notes

Levels and vault maps discovered:
D:1:      scummos_arrival_checkerplants, layout_rooms,
          hellmonk_ecumenical_altar_leap_of_faith, glass_columns_a
D:2:      layout_loops_ring, uniq_robin
D:3:      layout_rooms, uniq_jessica
D:4:      layout_cave_pools, ebering_ghost_inner_flame, uniq_pikel
D:5:      layout_cave_pods, minmay_temple_entry_mist, serial_shops,
          nicolae_shop_bloodbath_and_beyond, uniq_blork_the_orc

Skill      XL: |  1  2  3  4  5  6 |
---------------+-------------------+-----
Evocations     | 1 2 |  2.0
Polearms       | 1 2 |  2.0
Translocations | 1 2 |  2.0
Maces & Flails | 1 |  1.7
Shields        | 5 |  5.0
Fighting       | |  3.9
Axes           | |  2.9
Armour         | |  3.9

Action                   |  1- 3 |  4- 6 || total
-------------------------+-------+-------++-------
Melee: War axe           |    92 |   143 ||   235
 Abil: Dig               |       |     1 ||     1
Armor: Scale mail        |    42 |    23 ||    65
       Plate armour      |       |    70 ||    70
Dodge: Dodged            |    51 |    50 ||   101
Block: Buckler           |    38 |    39 ||    77
